Map: World of Sleepers LE

Players

Kelazhur

  • Race: Terran Terran
  • League: Master
  • Spawn Location: 1:00

ShoWTimE - Winner!

  • Race: Protoss Protoss
  • League: Grandmaster
  • Spawn Location: 7:00

Event: HomeStory Cup XX

VOD

Have the link to the VOD?

Description

Time

  • Played on: Nov. 22, 2019, 10:56 a.m.
  • Length: 18:07

All games in this series

Show
View Real Time Build Order
Export as new Build Order

Kelazhur Terran 

Build Orders: Liberator Opening, Reaper Expand 

Get SALT Encoding   

  12  0:00  SCV  
  13  0:13  SCV  
  14  0:17  Supply Depot  
  14  0:25  SCV  
  15  0:38  SCV  
  15  0:40  Barracks  
  16  0:43  Refinery  
  16  0:50  SCV  
  17  1:03  SCV  
  18  1:15  SCV  
  19  1:27  Orbital Command, Reaper  
  20  1:39  Command Center  
  20  1:52  Supply Depot  
  20  1:53  SCV  
  21  1:59  Marine  
  22  2:03  Factory  
  22  2:07  SCV  
  23  2:20  Barracks Reactor, SCV, Bunker  
  24  2:28  Refinery  
  24  2:32  SCV  
  25  2:45  SCV  
  26  2:52  Orbital Command  
  26  2:58  Starport  
  26  2:59  SCV  
  26  3:02  Hellion x2  
  31  3:13  SCV  
  31  3:17  Liberator  
  31  3:18  SCV  
  33  3:25  SCV  
  38  3:29  Widow Mine x2  
  38  3:30  SCV  
  38  3:37  SCV  
  38  3:39  Supply Depot, Barracks Tech Lab  
  42  3:42  SCV  
  43  3:49  SCV  
  43  3:54  SCV  
  45  4:01  SCV  
  46  4:02  Command Center  
  46  4:06  SCV  
  46  4:07  Marine  
  46  4:08  Marine, Cyclone  
  52  4:12  Supply Depot  
  52  4:13  SCV  
  53  4:19  Barracks  
  53  4:20  SCV  
  54  4:33  Marine x2, SCV  
  54  4:36  SCV  
  56  4:44  Barracks  
  56  4:45  SCV  
  57  4:46  Refinery  
  57  4:47  Refinery, Engineering Bay  
  57  4:50  SCV, Supply Depot  
  57  4:52  Marine x2  
  56  4:57  SCV  
  58  5:02  SCV, Factory Tech Lab  
  58  5:05  Supply Depot  
  59  5:09  SCV  
  59  5:12  Marine x2  
  63  5:14  SCV, Terran Infantry Weapons Level 1  
  63  5:15  Missile Turret  
  63  5:17  Orbital Command  
  63  5:20  Stimpack, Marine  
  64  5:22  SCV  
  64  5:27  Factory Reactor  
  65  5:28  Missile Turret  
  65  5:32  Supply Depot  
  65  5:35  Marine x2  
  67  5:41  Marauder x2  
  71  5:43  Orbital Command  
  71  5:48  SCV x2  
  73  5:52  Combat Shield  
  73  5:53  Barracks  
  73  6:02  Marauder, Marine  
  73  6:03  Marine, Marauder  
  79  6:04  Barracks  
  79  6:05  SCV x2  
  81  6:12  SCV  
  81  6:13  Factory Reactor  
  81  6:17  Medivac x2, SCV x2  
  88  6:22  Armory  
  88  6:23  Engineering Bay  
  88  6:24  SCV, Supply Depot  
  89  6:27  Missile Turret  
  89  6:29  Marauder, Marine  
  89  6:31  Marine  
  93  6:35  SCV x2  
  93  6:36  Marauder  
  97  6:43  SCV  
  97  6:46  Barracks Tech Lab  
  98  6:47  SCV  
  98  6:52  Terran Infantry Armor Level 1  
  98  6:53  SCV  
  100  6:55  SCV  
  100  6:57  Marauder x2, Supply Depot  
  105  7:01  Marine x2  
  105  7:02  Barracks Reactor  
  105  7:05  SCV x2  
  109  7:08  Supply Depot  
  109  7:11  Supply Depot  
  109  7:19  Medivac x2, Widow Mine, SCV x2  
  109  7:22  Supply Depot  
  117  7:29  Marine x2  
  117  7:30  Marauder x2, SCV  
  117  7:31  SCV  
  117  7:33  Terran Infantry Weapons Level 2, Marauder, Widow Mine, SCV  
  130  7:39  Marine x2, Supply Depot  
  130  7:40  Supply Depot  
  130  7:42  SCV  
  133  7:51  Marine x2, Marauder x2  
  134  7:54  Marauder  
  134  7:56  Barracks  
  134  7:57  Barracks  
  134  7:58  Barracks  
  136  8:02  Marine x2  
  136  8:08  Starport  
  136  8:10  Medivac  
  136  8:11  Medivac  
  138  8:13  Marauder x2, Marine  
  138  8:16  Marauder  
  145  8:22  Marine  
  145  8:23  Marine x2  
  148  8:27  Widow Mine  
  148  8:31  Refinery x2  
  148  8:32  Supply Depot x2  
  148  8:33  SCV  
  149  8:34  Marauder x2, SCV  
  149  8:40  Marine  
  149  8:41  Marauder  
  157  8:48  Barracks Reactor, Barracks Tech Lab  
  157  8:49  Barracks Tech Lab  
  157  8:54  Marine x3, Widow Mine  
  166  8:56  Marauder x2  
  166  9:06  Marine  
  166  9:07  Marauder x2  
  171  9:14  Command Center  
  171  9:22  Supply Depot x3  
  173  9:25  Marine  
  173  9:28  Terran Infantry Armor Level 2  
  173  9:31  Marine x3  
  173  9:35  Marine  
  173  9:38  Concussive Shells  
  173  9:43  Marauder x4  
  173  9:44  Marauder  
  182  9:46  Marine  
  182  9:52  Viking x4  
  187  10:01  Terran Infantry Weapons Level 3  
  187  10:02  Marine  
  187  10:03  Marine x2  
  187  10:05  Marine, Marauder x3  
  197  10:12  Supply Depot  
  197  10:26  Marauder, Marine  
  197  10:49  Viking x2  
  187  11:04  Marine, Marauder x3, Viking  
  190  11:05  Marine, Viking  
  190  11:06  Marine, Marauder x2  
  190  11:08  Missile Turret  
  200  11:16  Ghost Academy  
  200  11:21  Terran Ship Weapons Level 1  
  200  11:22  Command Center  
  200  11:25  Fusion Core, Starport  
  200  11:38  Viking  
  193  12:12  Marine x4  
  193  12:13  Enhanced Shockwaves  
  193  12:14  Viking x4  
  177  12:25  Marine, Unknown  
  177  12:26  Marauder, Unknown x2  
  177  12:27  Marine, Marauder  
  177  12:30  Marine x4  
  177  12:36  SCV x3  
  177  12:38  Command Center  
  177  12:40  Marine, Unknown x2  
  177  12:41  Marauder  
  177  12:43  Marine  
  178  12:44  Viking  
  178  12:45  Marine, Viking x3  
  178  12:47  Marauder  
  178  12:48  Marine  
  189  12:53  SCV  
  189  12:54  Unknown  
  189  12:57  Supply Depot  
  189  13:14  Marine  
  189  13:16  Marine  
  189  13:17  Marine x2, SCV x2  
  189  13:18  Marauder  
  189  13:19  Marauder, Viking  
  173  13:32  Marauder x2  
  173  13:33  Marine x4  
  163  13:34  Marine  
  163  13:38  Marine  
  163  13:40  Medivac x2, Marauder x2  
  173  13:46  Medivac  
  173  13:47  Marine, Unknown  
  174  13:49  Medivac  
  174  13:51  Marine x3  
  179  13:56  Marine, Marauder  
  179  14:01  Marine, Marauder  
  159  14:04  Marine x2, Widow Mine, Marauder  
  159  14:05  Marine  
  159  14:08  Marine  
  159  14:09  Marine x2  
  161  14:15  Marine  
  136  14:18  Marauder  
  136  14:20  Marine  
  136  14:22  Marine, Marauder  
  136  14:23  Marauder, Marine  
  142  14:25  Widow Mine  
  142  14:28  Marine  
  145  14:33  Starport Reactor  
  145  14:34  Marine  
  145  14:35  Marine, Marauder  
  149  14:39  Marauder  
  149  14:42  Medivac  
  149  14:44  Marauder  
  152  15:05  Marauder  
  152  15:07  Marine x3, Marauder x2  
  161  15:30  Marauder x2  
  161  15:31  Marauder  
  152  15:36  Unknown  
  152  15:40  Marine x3, Marauder  
  152  15:41  Marine  
  141  15:45  Marine  
  141  15:46  Marauder  
  130  15:51  SCV  
  130  15:52  Marine  
  126  16:16  Marine, Marauder  
  127  16:25  Widow Mine  
  129  16:30  Missile Turret  
  129  16:42  Marauder x2  
  133  16:48  Planetary Fortress  
  133  16:58  Marauder x2, Marine  
  111  17:16  Marine, Marauder x2  
  112  17:25  Viking  
  111  17:33  Viking  
Show
View Real Time Build Order
Export as new Build Order

ShoWTimE Protoss - Winner!

Build Orders: 1 Gate Expand, Oracle Opening, Phoenix Opening 

Get SALT Encoding   

  12  0:00  Probe  
  13  0:12  Probe  
  14  0:17  Pylon  
  14  0:24  Probe  
  15  0:32  Probe  
  15  0:36  Gateway  
  15  0:40  Probe  
  16  0:46  Assimilator  
  17  0:51  Probe  
  18  1:03  Probe  
  19  1:15  Probe  
  20  1:22  Nexus  
  20  1:32  Cybernetics Core  
  20  1:35  Probe  
  21  1:41  Assimilator  
  21  1:47  Probe  
  21  1:50  Pylon  
  22  1:58  Adept  
  22  1:59  Probe  
  23  2:11  Probe  
  26  2:19  Stargate  
  26  2:20  Adept  
  26  2:23  Probe  
  29  2:30  Probe  
  29  2:35  Probe  
  31  2:38  Probe  
  32  2:47  Probe  
  32  2:48  Probe  
  32  2:49  Adept  
  36  2:56  Oracle  
  36  2:59  Probe  
  36  3:00  Probe  
  36  3:02  Warp Gate  
  41  3:12  Probe x2  
  42  3:21  Pylon  
  42  3:24  Probe x2  
  44  3:31  Adept  
  44  3:32  Phoenix  
  46  3:39  Probe x2  
  50  3:45  Gateway  
  50  3:46  Gateway  
  50  3:51  Probe  
  50  3:53  Probe  
  50  3:55  Pylon  
  52  3:56  Phoenix  
  54  4:12  Nexus  
  54  4:14  Probe x2  
  56  4:21  Phoenix  
  55  4:24  Assimilator  
  55  4:26  Probe  
  55  4:27  Assimilator, Probe  
  57  4:32  Robotics Facility  
  53  4:38  Probe  
  53  4:39  Probe  
  54  4:49  Probe  
  54  4:50  Probe  
  56  4:56  Twilight Council  
  56  4:57  Probe  
  56  4:58  Probe  
  56  5:02  Pylon  
  56  5:05  Probe  
  56  5:06  Probe  
  60  5:17  Probe  
  60  5:18  Probe, Charge  
  60  5:19  Pylon  
  62  5:22  Observer  
  62  5:24  Probe  
  62  5:28  Robotics Bay  
  64  5:29  Probe x2  
  64  5:32  Pylon  
  64  5:33  Probe  
  64  5:35  Sentry  
  68  5:37  Probe  
  68  5:41  Probe x2  
  71  5:45  Probe  
  71  5:49  Immortal  
  77  5:51  Probe  
  77  5:53  Probe  
  77  5:56  Probe  
  79  5:59  Gateway  
  79  6:03  Probe  
  81  6:04  Gateway  
  81  6:05  Probe  
  81  6:08  Probe, Gateway  
  83  6:15  Probe  
  83  6:17  Probe  
  83  6:18  Disruptor, Unknown  
  85  6:20  Probe  
  85  6:22  Pylon, Sentry  
  85  6:24  Zealot x2  
  92  6:31  Probe x2  
  97  6:38  Forge  
  97  6:39  Forge  
  95  6:42  Pylon  
  95  6:43  Colossus  
  95  6:45  Probe  
  95  6:49  Zealot x3  
  95  6:52  Gateway  
  101  6:55  Gateway  
  107  7:01  Pylon  
  107  7:02  Extended Thermal Lance  
  107  7:12  Nexus  
  107  7:15  Pylon  
  107  7:18  Sentry  
  107  7:20  Stalker  
  107  7:21  Stalker  
  113  7:22  Blink  
  113  7:29  Protoss Ground Weapons Level 1  
  113  7:31  Probe x3  
  113  7:33  Zealot x2  
  113  7:34  Pylon  
  113  7:36  Colossus, Pylon  
  120  7:42  Protoss Ground Armor Level 1  
  125  7:53  Zealot x5  
  133  8:00  Probe  
  133  8:01  Probe x2  
  136  8:09  Stalker x3  
  140  8:13  Probe x3, Templar Archives  
  141  8:24  Probe, Colossus  
  141  8:25  Probe x2  
  141  8:26  Assimilator  
  144  8:29  Assimilator, Stalker x3  
  150  8:39  Pylon  
  156  8:43  Pylon  
  156  8:49  Stalker x4  
  162  8:55  Zealot  
  164  9:05  Pylon  
  164  9:06  Pylon  
  164  9:08  Pylon  
  164  9:10  Psionic Storm  
  164  9:14  Stalker  
  164  9:17  Pylon  
  164  9:18  Pylon  
  164  9:23  Zealot x3  
  164  9:24  Zealot  
  170  9:32  Protoss Ground Weapons Level 2  
  170  9:36  Gateway  
  170  9:37  Stalker x3  
  172  9:39  Gateway  
  172  9:41  Protoss Ground Armor Level 2, Gateway  
  172  9:42  Gateway  
  164  9:46  Zealot x4  
  164  9:50  Photon Cannon  
  164  9:52  Photon Cannon  
  170  9:58  Dark Shrine  
  166  10:01  Photon Cannon  
  166  10:04  Zealot x3  
  172  10:08  High Templar x4  
  172  10:10  High Templar  
  180  10:23  Pylon  
  178  10:29  Zealot x3  
  178  10:35  Stalker x3  
  190  10:40  Zealot x2  
  190  10:41  Zealot x3  
  178  10:50  Gateway  
  178  10:54  Zealot x4  
  184  10:57  Disruptor  
  184  11:05  Stalker x5  
  197  11:11  Fleet Beacon  
  197  11:12  High Templar  
  197  11:16  Shadow Stride  
  199  11:19  Nexus  
  199  11:22  Pylon  
  199  11:32  Stargate  
  199  11:33  Stargate  
  197  11:53  Zealot, Protoss Ground Weapons Level 3  
  199  11:57  Protoss Ground Armor Level 3  
  197  12:05  High Templar  
  197  12:09  Photon Cannon  
  197  12:10  Disruptor  
  197  12:11  Photon Cannon  
  197  12:13  Photon Cannon  
  197  12:15  Photon Cannon  
  193  12:19  Unknown  
  184  12:22  Shield Battery  
  184  12:25  Robotics Facility, Shield Battery  
  174  12:33  Oracle  
  174  12:36  Protoss Air Weapons Level 1  
  175  12:37  High Templar  
  175  12:41  Photon Cannon  
  175  12:42  Warp Prism  
  175  12:43  Photon Cannon  
  175  12:45  Photon Cannon  
  175  12:47  Photon Cannon  
  175  12:57  Nexus  
  175  12:58  Pylon  
  175  13:07  Archon  
  173  13:17  Disruptor  
  173  13:19  Zealot x10  
  125  13:38  Dark Templar  
  125  13:40  Dark Templar x4, Zealot x3  
  125  13:41  Zealot x4, Disruptor  
  138  13:43  Disruptor  
  134  14:02  Zealot x7  
  142  14:06  Disruptor  
  142  14:09  Disruptor  
  114  14:21  Stalker x3  
  125  14:24  Probe x4  
  125  14:27  High Templar x7  
  125  14:31  Archon x3  
  142  14:41  Assimilator, Probe x4  
  142  14:42  Disruptor  
  152  14:50  Stalker x4  
  151  15:04  Nexus  
  151  15:06  Pylon  
  143  15:10  Dark Templar x6  
  155  15:16  Colossus x2  
  163  15:22  Stalker x3  
  163  15:23  Zealot  
  159  15:37  Zealot  
  151  15:55  Colossus x2, High Templar  
  151  15:56  High Templar x2  
  151  15:57  High Templar  
  151  16:00  Pylon, Zealot x2, Stalker x4  
  168  16:25  Assimilator  
  168  16:27  Sentry x2  
  168  16:28  Zealot x6  
  168  16:29  Assimilator  
  180  16:43  Dark Templar x2  
  184  16:50  Warp Prism  
  184  16:51  Observer  
  184  16:53  High Templar  
  184  16:54  High Templar  
  191  16:55  Zealot x4  
  191  17:11  Stalker x2  
  181  17:18  Zealot x6  
  191  17:25  Disruptor  
  194  17:30  Stalker x2  
  196  17:39  Zealot x2  
Tags
 
Add a new tag
Caveats
  • Supply blocks, unpowered buildings, or Contaminate may cause inaccurate times.
  • Supply counts are checked every 10 seconds.